AoeStats
← ytpro

African Clearing

504487057Analyzed
4v4 RM · 27d ago on Sep 5, 2026· 43m 19s· 8 players
Game mode
Random Map
Map size
Large (8 player)
Population
200
Speed
Normal
Resources
Standard
Victory
Conquest
Starting age
Dark Age
Ending age
Imperial Age
RankedLock teamsTeams togetherTeam positionsShared explorationLock speedFull tech treeHidden civsTurbo modeCheats
Victory
Defeat
🇨🇦 Wei · Canada
1745
+14
🇮🇪 Berbers · Ireland
1739
+14
🇳🇱 Georgians · Netherlands
1720
+15
🇮🇪 Inca · Ireland
1689
+16
🇨🇳 Portuguese · China
1766
-18
🇦🇺 Magyars · Australia
1728
-16
🇭🇰 Koreans · Hong Kong SAR China
1710
-15
🇨🇳 Mapuche · China
1564
-10
第98次心痛
3:44 Loom
13:58 Feudal Age
18:23 Castle Age
17:45 Double-Bit Axe
17:42 Fishing Lines
19:46 Bow Saw
19:38 Gillnets
26:05 Forging
31:36 Imperial Age
31:05 Iron Casting
30:28 Stone Mining
30:28 Gold Mining
30:19 Horse Collar
31:40 Stone Shaft Mining
33:56 Blast Furnace
32:28 Elite Kona
34:00 Gold Shaft Mining
33:26 Heavy Plow
33:29 Fletching
34:13 Elite Bolas Rider
34:50 Bodkin Arrow
35:52 Padded Archer Armor
36:57 Butalmapu
37:27 Malon
37:57 Leather Archer Armor
40:05 Ring Archer Armor
40:47 Chemistry
40:13 Ballistics
40:45 Conscription
41:55 Elite Skirmisher
43:08 Crop Rotation
42:01 Pikeman
zypro
12:11 Feudal Age
16:30 Castle Age
14:18 Double-Bit Axe
16:51 Loom
17:12 Horse Collar
25:18 Fletching
26:21 Bodkin Arrow
29:26 Wheelbarrow
30:50 Hand Cart
31:08 Heavy Plow
33:02 Stone Mining
35:54 Imperial Age
35:01 Scale Mail Armor
35:12 Forging
35:47 Town Watch
35:59 Treadmill Crane
36:58 Chain Mail Armor
37:19 Iron Casting
36:30 Elite Fire Lancer
37:10 Squires
38:19 Elite Skirmisher
39:07 Bracer
39:38 Plate Mail Armor
42:44 Pikeman
kazusa
10:54 Loom
14:08 Feudal Age
17:51 Castle Age
16:00 Double-Bit Axe
17:58 Horse Collar
19:18 Bow Saw
26:35 Wheelbarrow
27:11 Fletching
30:17 Bodkin Arrow
36:56 Fervor
37:07 Sanctity
39:03 Gold Mining
39:09 Stone Mining
42:42 Hand Cart
ytpro
6:17 Loom
11:57 Feudal Age
12:00 Man-at-Arms
14:23 Arson
22:23 Fletching
27:07 Double-Bit Axe
28:06 Wheelbarrow
32:41 Castle Age
31:17 Gold Mining
36:21 Scale Barding Armor
36:41 Scale Mail Armor
36:33 Pikeman
38:42 Horse Collar
40:16 Chain Mail Armor
40:58 Town Watch
Gloriaz
6:00 Loom
12:33 Feudal Age
17:08 Double-Bit Axe
29:02 Wheelbarrow
28:36 Gold Mining
29:37 Town Watch
32:29 Castle Age
32:16 Horse Collar
32:28 Gold Mining
32:29 Stone Mining
33:29 Bow Saw
33:34 Heavy Plow
39:02 Hand Cart
40:32 Scale Barding Armor
42:28 Chain Barding Armor
42:25 Bloodlines
42:16 Husbandry
42:27 Forging
45:40 Imperial Age
43:52 Forging
LaochraGael
12:57 Feudal Age
12:47 Loom
16:31 Castle Age
15:39 Fletching
17:04 Double-Bit Axe
19:11 Horse Collar
21:13 Bodkin Arrow
24:10 Padded Archer Armor
26:07 Leather Archer Armor
26:03 Bow Saw
30:16 Husbandry
30:27 Bloodlines
30:26 Stone Mining
31:18 Wheelbarrow
31:05 Town Watch
32:34 Gold Mining
36:33 Imperial Age
35:18 Thumb Ring
36:10 Ballistics
37:16 Bracer
36:56 Elite Camel Archer
38:42 Chemistry
38:30 Ring Archer Armor
40:01 Gold Shaft Mining
43:33 Conscription
43:20 Kasbah
PossiblySean
5:33 Loom
13:31 Feudal Age
17:47 Castle Age
15:57 Double-Bit Axe
15:52 Horse Collar
16:04 Gold Mining
17:24 Scale Mail Armor
17:07 Champi Runner
19:30 Chain Mail Armor
20:14 Champi Warrior
22:29 Squires
22:42 Arson
28:26 Bow Saw
28:17 Heavy Plow
32:42 Forging
40:06 Wheelbarrow
42:31 Imperial Age
39:45 Pikeman
41:56 Iron Casting
42:20 Fletching
43:19 Fabric Shields
43:58 Plate Mail Armor
NuclearPasta
12:47 Loom
15:18 Feudal Age
16:13 Double-Bit Axe
19:08 Castle Age
17:19 Gold Mining
17:45 Stone Mining
17:56 Fishing Lines
18:18 Horse Collar
19:21 Scale Barding Armor
20:02 Bow Saw
20:07 Gillnets
21:17 Heavy Plow
25:43 Wheelbarrow
28:01 Chain Barding Armor
27:47 Husbandry
28:40 Forging
29:33 Bloodlines
30:24 Iron Casting
30:43 Hand Cart
35:41 Imperial Age
35:07 Gold Shaft Mining
35:42 Elite Tiger Cavalry
37:24 Blast Furnace
36:32 Fletching
37:13 Ballistics
37:31 Devotion
38:31 Parthian Tactics
38:12 Thumb Ring
39:10 Chemistry
38:55 Crop Rotation
40:32 Bodkin Arrow
40:40 Padded Archer Armor
41:18 Bracer
41:19 Padded Archer Armor
41:51 Town Watch
Connection lost

Rejoining the realm…

Still unreachable

The connection could not be restored.

Session expired

The server has moved on; the page needs a fresh start.